 Dungeon Crawl Stone Soup version 0.19-a0-1937-g70ed36a (webtiles) character file.

20729 varam the Brawler (level 12, -12/104 HPs)
             Began as a Troll Monk on Oct 26, 2016.
             Was the Champion of Okawaru.
             Mangled by a freezing wraith (16 damage)
             ... led by a death knight
             ... on level 12 of the Dungeon.
             The game lasted 00:47:48 (12769 turns).

varam the Brawler (Troll Monk)                     Turns: 12769, Time: 00:47:49

Health: -12/104    AC: 13    Str: 33    XL:     12   Next: 47%
Magic:  12/13      EV: 18    Int:  6    God:    Okawaru [******]
Gold:   298        SH:  0    Dex: 13    Spells: 0 memorised, 11 levels left

rFire  . . .     SeeInvis .       - Unarmed
rCold  . . .     Gourm    +     T - +0 mottled dragon scales
rNeg   . . .     Faith    .     (no shield)
rPois  .         Spirit   .     (helmet restricted)
rElec  .         Reflect  .     b - +0 cloak of Goodbye, My Love {rC- Str+8 Dex-5 Stlth+}
rCorr  .         Harm     .     (gloves unavailable)
MR     +....                    (boots unavailable)
Stlth  ++++......               (no amulet)
                                G - ring of protection from cold
                                s - +5 ring of dexterity (curse)

@: heroism
A: unfitting armour, claws 3, fast metabolism 3, gourmand, magic resistance 1,
regeneration 1, shaggy fur 1, tough skin 2, subdued magic 1
a: Heroism, Finesse, Renounce Religion


You were on level 12 of the Dungeon.
You worshipped Okawaru.
Okawaru was exalted by your worship.
You were hungry.

You visited 2 branches of the dungeon, and saw 13 of its levels.
You also visited: Sewer.

You collected 766 gold pieces.
You spent 468 gold pieces at shops.

Inventory:

Missiles
 Z - 3 tomahawks (quivered)
Armour
 b - the +0 cloak of Goodbye, My Love (worn) {rC- Str+8 Dex-5 Stlth+}
   (Okawaru gifted it to you on level 11 of the Dungeon)

   It affects your strength (+8).
   It affects your dexterity (-5).
   It makes you vulnerable to cold.
   It makes you more stealthy.
 n - a +0 cloak
 T - +0 mottled dragon scales (worn)
Jewellery
 o - an uncursed ring of see invisible
 q - a +3 ring of evasion
 s - a cursed +5 ring of dexterity (left claw)
 B - an uncursed ring of protection from fire
 G - a ring of protection from cold (right claw)
 O - the amulet "Omorio" {RegenMP rC- rN+ Stlth+}
   (You found it on level 8 of the Dungeon)

   [amulet of magic regeneration]

   It increases your magic regeneration.
   It makes you vulnerable to cold.
   It protects you from negative energy.
   It makes you more stealthy.
Wands
 f - a wand of polymorph (6/24)
 u - a wand of enslavement (9/24)
Scrolls
 a - a scroll of amnesia {unknown}
 d - 3 scrolls of teleportation
 l - 8 scrolls of remove curse {@r2}
 y - 3 scrolls of blinking
 A - a scroll of fog
 E - 6 scrolls of fear
Potions
 c - 2 potions of agility {unknown}
 e - a potion of brilliance
 g - a potion of magic {unknown}
 h - 2 potions of haste
 j - 4 potions of heal wounds
 k - 2 potions of berserk rage
 m - a potion of might
 t - a potion of lignification {unknown}
 z - 2 potions of curing {@q1}
Miscellaneous
 W - a fan of gales
Comestibles
 i - a bread ration
 p - a meat ration


   Skills:
 - Level 2.4(7.4) Fighting
 - Level 3.3(8.3) Throwing
 + Level 4.8(9.8) Armour
 - Level 10.0(15.0) Dodging
 - Level 1.0(6.0) Stealth
 * Level 15.1(20.1) Unarmed Combat
 - Level 3.4 Invocations


You had 11 spell levels left.
You didn't know any spells.

Dungeon Overview and Level Annotations

Branches:
Dungeon (12/15)            Temple (1/1) D:7            Lair (0/6) D:10
    Orc (0/2) D:10

Altars:
Ashenzari
Dithmenos
Elyvilon
Gozag
Kikubaaqudgha
Okawaru
Sif Muna
Trog
Vehumet

Shops:
D:4 =   D:5 }   D:6 ?   D:8 ?   D:9 =(%


Innate Abilities, Weirdness & Mutations

You are too large for most types of armour.
You have claws for hands.
Your metabolism is lightning-fast.
You like to eat raw meat.
Your natural rate of healing is unusually fast.
You are covered in fur. (AC +1)
You have very tough skin. (AC +2)
You are resistant to hostile enchantments. (MR+)
Your spells are a little easier to cast, but a little less powerful.


Message History

The freezing wraith hits you but does no damage.
You closely miss the freezing wraith. You closely miss the freezing wraith.
The freezing wraith closely misses you.
The freezing wraith completely misses you.
You mangle the freezing wraith!! You claw the freezing wraith!
The freezing wraith is severely damaged.
The freezing wraith closely misses you.
The freezing wraith completely misses you.
You eviscerate the freezing wraith!!!
You destroy the freezing wraith!
Okawaru accepts your kill.
You scratch the freezing wraith but do no damage.
The freezing wraith closely misses you.
The freezing wraith hits you but does no damage.
You mangle the freezing wraith!!
The freezing wraith is heavily damaged.
The freezing wraith hits you!
* * * LOW HITPOINT WARNING * * *
The freezing wraith freezes you!
You die...

#.........# #..................
#.........# #........###...<...
#.........# #........#.#.......
#.........#####..#######.#.......
.................#......>#.......
........#######..#.......#.....##
####....#.....#..#.#####.#####.#.
...#....#.....#..#.....#.....#.#.
...###..##....#.@#.#...#.....#W#.
.....#...#....#.W#.#...#.....#.#.
.....#...#...##..#.###.#.....#.#.
.....#..##...#..(#...........#W#.
.....'..#....#...#########.###.#.
.....#..#....#.................#.
######..#....#......)...(......'.
#.......#(#'##.................#.
#..........)(..................+.


You could see a freezing wraith.

Vanquished Creatures
  The ghost of emiel the Severer, a journeyman MiBe of Trog (D:11)
  A hydra (D:11)
  A death knight (D:12)
  The ghost of Soeti the Skirmisher, a novice DgFi (D:9)
  An unseen horror (D:11)
  3 hill giants
  A phantasmal warrior (D:12)
  A cyclops (D:12)
  A manticore (D:11)
  An ugly thing (D:11)
  4 molten gargoyles (D:12)
  A freezing wraith (D:12)
  A komodo dragon (D:10)
  An efreet (D:11)
  2 trolls
  2 hornets (D:8)
  The ghost of varam the Quickloader, an amateur CeHu (D:6)
  5 slime creatures (D:12)
  4 hippogriffs
  A meliai zombie (D:9)
  A wraith (D:11)
  13 yaks
  2 wyverns
  The ghost of tv1990 the Chopper, an amateur FoMo (D:5)
  A mottled dragon (D:10)
  3 hungry ghosts
  2 soldier ants
  A sky beast (D:9)
  5 orc warriors
  2 black bears
  3 ice beasts
  3 phantoms
  8 ogres
  3 centaurs
  4 crocodiles (D:10)
  2 big kobolds
  7 bullfrogs
  3 scorpions (D:9)
  8 killer bees
  An electric eel (D:11)
  5 wights (D:6)
  A howler monkey (D:10)
  3 vampire bats (D:6)
  2 centaur zombies
  2 lava snakes
  7 crimson imps
  4 jellies
  5 orc priests
  9 hounds
  A bullfrog skeleton (D:8)
  3 orc wizards
  4 centaur skeletons
  6 iguanas
  15 worker ants
  A killer bee zombie (D:5)
  4 worker ant zombies
  3 gnolls (D:4)
  A howler monkey skeleton (D:6)
  4 river rats (D:6)
  17 adders
  3 shadow imps
  An ooze (D:6)
  2 adder zombies
  An adder skeleton (D:4)
  9 worms
  A dart slug (D:5)
  8 leopard geckos
  17 orcs
  4 bats
  2 bat skeletons (D:6)
  3 bat zombies (D:6)
  4 giant cockroaches
  5 goblins
  6 hobgoblins
  14 jackals
  17 kobolds
  A quokka (D:6)
  5 ball pythons
  10 frilled lizards
  A leopard gecko skeleton (D:6)
  A leopard gecko zombie (D:6)
  A quokka skeleton (D:9)
  2 quokka zombies
  5 rats
327 creatures vanquished.

Vanquished Creatures (others)
  A jelly (D:11)
  A dart slug (D:1)
2 creatures vanquished.

Grand Total: 329 creatures vanquished

Notes
Turn   | Place    | Note
-------+----------+-------------------------------------------
     0 | D:1      | varam the Troll Monk began the quest for the Orb.
     0 | D:1      | Reached XP level 1. HP: 22/22 MP: 0/0
   249 | D:1      | Reached XP level 2. HP: 15/29 MP: 1/1
   498 | D:1      | You fall through a shaft!
   766 | D:1      | Reached skill level 4 in Unarmed Combat
  1141 | D:2      | Reached XP level 3. HP: 33/36 MP: 2/2
  1455 | D:2      | Reached XP level 4. HP: 30/44 MP: 3/3
  1558 | D:2      | Reached skill level 5 in Unarmed Combat
  2002 | D:4      | Found a faded altar of an unknown god.
  2002 | D:4      | Found a shattered altar of Ashenzari.
  2008 | D:4      | Found a faded altar of an unknown god.
  2010 | D:4      | Found a faded altar of an unknown god.
  2011 | D:4      | Found a radiant altar of Vehumet.
  2061 | D:4      | Reached XP level 5. HP: 50/50 MP: 4/4
  2065 | D:4      | Reached skill level 6 in Unarmed Combat
  2086 | D:4      | Found Toeduq's Jewellery Shoppe.
  2343 | D:4      | Found an opulent altar of Gozag.
  2512 | D:4      | Reached XP level 6. HP: 42/59 MP: 5/5
  2979 | D:3      | Reached skill level 7 in Unarmed Combat
  3248 | D:5      | Entered Level 5 of the Dungeon
  3295 | D:5      | Found Waefoptat's Quality Used Wands.
  3344 | D:5      | Noticed tv1990's ghost (amateur FoMo)
  3357 | D:4      | Reached skill level 8 in Unarmed Combat
  3447 | D:6      | Reached XP level 7. HP: 66/66 MP: 6/6
  3642 | D:7      | Found a staircase to the Ecumenical Temple.
  3650 | D:7      | Reached skill level 9 in Unarmed Combat
  3663 | Temple   | Entered the Ecumenical Temple
  3683 | Temple   | Became a worshipper of Warmaster Okawaru
  3683 | Temple   | Reached * piety under Okawaru
  3683 | Temple   | Reached ** piety under Okawaru
  3904 | D:6      | Found an ancient bone altar of Kikubaaqudgha.
  3961 | D:6      | Found a glowing drain.
  3974 | Sewer    | Entered a sewer
  3987 | Sewer    | Reached XP level 8. HP: 71/74 MP: 7/7
  4234 | Sewer    | Reached skill level 10 in Unarmed Combat
  4533 | D:6      | Reached skill level 11 in Unarmed Combat
  4583 | D:6      | Reached *** piety under Okawaru
  4672 | D:6      | Noticed varam's ghost (amateur CeHu)
  4686 | D:6      | Killed varam's ghost
  4701 | D:6      | Found Sopt's Magic Scroll Boutique.
  4706 | D:6      | Bought a scroll of fog for 22 gold pieces
  4706 | D:6      | Bought a scroll of identify for 22 gold pieces
  4706 | D:6      | Bought a scroll of identify for 22 gold pieces
  4706 | D:6      | Bought a scroll of identify for 22 gold pieces
  4777 | D:6      | Reached XP level 9. HP: 80/80 MP: 8/8
  4930 | D:5      | Reached skill level 12 in Unarmed Combat
  5183 | D:5      | Killed tv1990's ghost
  5914 | D:8      | Found a shadowy altar of Dithmenos.
  5969 | D:8      | Reached **** piety under Okawaru
  5969 | D:8      | Reached skill level 5 in Dodging
  6211 | D:8      | Got a warped jade amulet
  6771 | D:8      | Found Waowai's Magic Scroll Shop.
  6779 | D:8      | Bought a scroll of enchant armour for 75 gold pieces
  6779 | D:8      | Bought a scroll of fear for 35 gold pieces
  6786 | D:8      | Bought a scroll of identify for 20 gold pieces
  6786 | D:8      | Bought a scroll of identify for 20 gold pieces
  6786 | D:8      | Bought a scroll of identify for 20 gold pieces
  6981 | D:8      | Paralysed by a hornet for 1 turns
  6992 | D:8      | Reached XP level 10. HP: 55/88 MP: 7/9
  7226 | D:9      | Found Gin Duyp's Jewellery Shoppe.
  7266 | D:9      | Identified the amulet "Omorio" {RegenMP rC- rN+ Stlth+} (You found it on level 8 of the Dungeon)
  7302 | D:9      | You fall through a shaft for 2 floors!
  7306 | D:11     | Noticed emiel's ghost (journeyman MiBe)
  7308 | D:10     | Entered Level 10 of the Dungeon
  7517 | D:9      | Noticed Soeti's ghost (novice DgFi)
  7524 | D:9      | Killed Soeti's ghost
  7890 | D:8      | Reached ***** piety under Okawaru
  8023 | D:9      | Found Boam's Antique Weapon Shop.
  8124 | D:9      | Found Tishouron's Food Shoppe.
  8158 | D:9      | Found a white marble altar of Elyvilon.
  8548 | D:10     | Noticed a hill giant
  8563 | D:10     | Killed a hill giant
  8573 | D:10     | Found a staircase to the Orcish Mines.
  8881 | D:10     | Reached XP level 11. HP: 92/94 MP: 10/10
  9040 | D:10     | Found a staircase to the Lair.
  9338 | D:10     | Reached skill level 10 in Dodging
  9346 | D:10     | Reached skill level 13 in Unarmed Combat
  9615 | D:10     | Gained mutation: You are resistant to hostile enchantments. (MR+) [potion of beneficial mutation]
  9711 | D:11     | Noticed a hill giant
  9832 | D:11     | Reached skill level 1 in Throwing
  9835 | D:11     | Killed a hill giant
  9835 | D:11     | Reached skill level 1 in Armour
  9835 | D:11     | Reached skill level 1 in Invocations
 10051 | D:11     | Killed emiel's ghost
 10051 | D:11     | Received a gift from Okawaru
 10052 | D:11     | Got a distressingly furry cloak {god gift}
 10065 | D:10     | Identified the +0 cloak of Goodbye, My Love {rC- Str+8 Dex-5 Stlth+} (Okawaru gifted it to you on level 11 of the Dungeon)
 10633 | D:11     | Noticed a seven-headed hydra
 10652 | D:11     | Killed a ten-headed hydra
 10864 | D:11     | Noticed a purple ugly thing
 10880 | D:11     | Killed a purple ugly thing
 10890 | D:11     | Gained mutation: Your spells are a little easier to cast, but a little less powerful. [mutagenic meat]
 10926 | D:11     | Killed an unseen horror
 11094 | D:11     | Reached skill level 14 in Unarmed Combat
 11461 | D:9      | Bought an uncursed ring of see invisible for 210 gold pieces
 11610 | D:12     | Reached XP level 12. HP: 68/104 MP: 10/13
 11766 | D:12     | Received a gift from Okawaru
 12674 | D:12     | Reached ****** piety under Okawaru
 12674 | D:12     | Reached skill level 15 in Unarmed Combat
 12675 | D:12     | Noticed a death knight
 12762 | D:12     | Killed a death knight
 12769 | D:12     | HP: 4/104 [freezing wraith[a death knight] (9)]
 12769 | D:12     | Mangled by a freezing wraith

Vault maps used:
D:1:      onia_arrival_mini_maze, lemuel_flame_loot_1
D:2:      minmay_split_cup_small
D:4:      chequers_temple_overflow_minitemple, grunt_gozag_statues,
          serial_shops, shop
D:5:      first_bread, nicolae_for_you_no_charge
D:6:      kennysheep_vampire_church, portal_sewer_entry_a, serial_shops, shop
D:8:      serial_shops, shop, hangedman_pestilent_swarm, nicolae_lava_and_water,
          kennysheep_diamond, nicolae_dithmenos_shadow_blocks
D:9:      kennysheep_mini_moat, serial_shops, nicolae_shop_statue_plus,
          nicolae_shop_trees, nicolae_shop_crystal, serial_park_tiny_pond,
          minmay_misc_feat_four_crosses
D:10:     erik_lair_dragon, orc_0_dummy
D:11:     nrook_pool_corridor
D:12:     minivault_8
Temple:   nicolae_temple_elliptical
Sewer:    sewer_frog_island_01

Skill      XL: |  1  2  3  4  5  6  7  8  9 10 11 12 |
---------------+-------------------------------------+-----
Unarmed Combat | 4 5 6 8 9 11 12 14 15 | 15.1
Dodging        | 7 9 10 | 10.0
Throwing       | 3 |  3.3
Armour         | 3 4 |  4.8
Invocations    | 3 |  3.4
Fighting       | |  2.4
Stealth        | |  1.0

Action                   |  1- 3 |  4- 6 |  7- 9 | 10-12 || total
-------------------------+-------+-------+-------+-------++-------
Melee: Unarmed           |    86 |   109 |   325 |   488 ||  1008
       Punch             |     1 |     3 |    12 |    46 ||    62
Throw: Tomahawk          |       |       |     3 |    48 ||    51
       Large rock        |       |       |       |     3 ||     3
Invok: Heroism           |       |       |     3 |    10 ||    13
Evoke: Wand              |       |       |       |     2 ||     2
  Use: Scroll            |       |     3 |    14 |     3 ||    20
       Potion            |       |       |       |     1 ||     1
 Stab: Sleeping          |     1 |     4 |     3 |     2 ||    10
       Distracted        |       |       |     2 |     1 ||     3
  Eat: Chunk             |    10 |    19 |    35 |    49 ||   113
       Beef jerky        |       |     1 |       |     4 ||     5
       Fruit             |       |     1 |       |     1 ||     2
       Pizza             |       |       |       |     1 ||     1
       Bread ration      |       |       |       |     1 ||     1
Armor: Robe              |    27 |    27 |   109 |    32 ||   195
       Mottled dragon sc |       |       |       |    53 ||    53
Dodge: Dodged            |    35 |    40 |   197 |   266 ||   538
